 Dungeon Crawl Stone Soup version 0.31-a0-940-gdaa99269f9 (webtiles) character file.

Game seed: 14000797970331774024

75 Azuregosa the Sneak (level 4, -5/31 HPs)
             Began as an Octopode Delver on Oct 20, 2023.
             Was a Follower of Uskayaw.
             Slain by Sigmund
             ... wielding a +0 scythe
              (11 damage)
             ... on level 3 of the Dungeon.
             The game lasted 00:09:20 (1942 turns).

Azuregosa the Sneak (Octopode Delver)               Turns: 1942, Time: 00:09:20

Health: -5/31      AC:  1    Str: 11    XL:     4   Next: 31%
Magic:  4/4        EV: 15    Int: 12    God:    Uskayaw [*.....]
Gold:   134        SH:  0    Dex: 15    Spells: 3/3 levels left

rFire   . . .        a - +0 spear
rCold   . . .        (no shield)
rNeg    . . .        (helmet restricted)
rPois   .            (no amulet)
rElec   .            (no ring)
rCorr   .            (no ring)
SInv    .            (no ring)
Will    .....        (no ring)
Stlth   ++++         (no ring)
HPRegen 0.25/turn    (no ring)
MPRegen 0.09/turn    (no ring)
                     (no ring)

%: no passive effects
@: no status effects
A: almost no armour, amphibious, 8 rings, camouflage 1, gelatinous body 1,
(nimble swimmer 1), tentacles
a: Renounce Religion, Stomp


You were on level 3 of the Dungeon.
You worshipped Uskayaw.
Uskayaw was noncommittal.
You visited 2 branches of the dungeon, and saw 6 of its levels.

You collected 134 gold pieces.

Inventory:

Hand Weapons
 a - a +0 spear (weapon)
 w - a +2 dagger of holy wrath
Missiles
 m - 8 boomerangs
 n - 9 stones
 t - 4 datura-tipped darts
Magical Staves
 l - a staff of conjuration
Talismans
 q - a maw talisman
 v - a flux talisman
Wands
 f - a wand of digging (3)
Scrolls
 b - 2 scrolls of fog
 c - 4 scrolls of identify {unknown}
 d - 2 scrolls of fear
 g - a scroll of poison {unknown}
 h - 2 scrolls of torment {unknown}
 i - a scroll of noise {unknown}
 j - 3 scrolls of vulnerability {unknown}
 o - a scroll of enchant weapon {unknown}
 r - a scroll of silence {unknown}
 s - a scroll of teleportation {unknown}
 u - a scroll of revelation
Potions
 e - 2 potions of haste
 k - 2 potions of enlightenment {unknown}
 p - a potion of mutation {unknown}


   Skills:
 - Level 3.0 Fighting
 - Level 2.0 Polearms
 + Level 4.4 Dodging
 - Level 6.6 Stealth


You had 3 spell levels left.
You didn't know any spells.
Your spell library was empty.

Dungeon Overview and Level Annotations

Branches:
Dungeon (5/15)             Temple (1/1) D:4

Altars:
Ashenzari
Fedhas
Hepliaklqana
Kikubaaqudgha
Makhleb
Okawaru
Ru
Sif Muna
Uskayaw
Wu Jian
Yredelemnul
Zin
The Shining One

Shops:
D:4 :

Annotations:
D:3 Sigmund


Innate Abilities, Weirdness & Mutations

You cannot wear most types of armour.
You are amphibious.
You can wear up to eight rings at the same time.
Your skin changes colour to match your surroundings (Stealth+).
Your rubbery body absorbs attacks. (AC +1, EV +1)
((You are camouflaged when in or above water. (Stealth+)))
You have tentacles for arms and can constrict up to eight enemies at once.


Message History

A hobgoblin comes into view.
Found a scroll labelled HIFEF BAKIU.
You see here a scroll labelled YWOKHA QASASTA.
h - 2 scrolls labelled YWOKHA QASASTA (gained 1)
You catch the helpless hobgoblin completely off-guard!
You hit the hobgoblin. You grab the hobgoblin. You squeeze the hobgoblin.
The hobgoblin is severely wounded.
You constrict the hobgoblin.
You kill the hobgoblin!
An iguana comes into view.
You see here a hobgoblin corpse.
Sigmund and a ball python come into view.
Sigmund points at you and mumbles some strange words.
You are confused.
You're too confused to move!
Sigmund points at you and mumbles some strange words.
You are more confused.
The iguana hisses angrily.
The ball python hisses angrily.
You see here a hobgoblin corpse.
You're too confused to move!
Sigmund gestures wildly while chanting.
Sigmund flickers and vanishes!
Deactivating autopickup; reactivate with Ctrl-A.
You closely miss the iguana. The iguana closely misses you.
You are too confused!
You barely miss the ball python. The ball python bites you.
The ball python grabs you. The ball python constricts you.
The iguana barely misses you. Something hits you!
You miss the ball python.
You feel less confused. The ball python bites you.
The ball python constricts you. The iguana bites you!
* * * LOW HITPOINT WARNING * * *
The ball python barely misses you. The ball python constricts you.
* * * LOW HITPOINT WARNING * * *
You hit the ball python.
You kill the ball python!
Something hits you!
You die...

.........†.....#
###............#.
##.[...#..[.....
.............### ##
###............# #.
######.......# #.
######.......# #.
#####...........##
#.
##.......@###...##
#o
.........l.........
.).
........†.####.####
###.
##........####.###
#.
#................
..
#........?.......
######...........
#...........
#.......S...


You could see an iguana.

Vanquished Creatures
  An adder (D:3)
  A worm (D:2)
  2 dart slugs
  6 orcs
  2 bats
  7 endoplasms
  A giant cockroach (D:4)
  6 goblins
  5 hobgoblins
  A quokka (D:4)
  8 ball pythons
  5 kobolds
  4 rats
49 creatures vanquished.

Notes
Turn   | Place    | Note
-------+----------+-------------------------------------------
     0 | D:5      | Azuregosa the Octopode Delver began the quest for the Orb.
     0 | D:5      | Reached XP level 1. HP: 16/16 MP: 1/1
     5 | D:5      | Noticed an iguana
    72 | D:5      | Noticed a scorpion
    89 | D:4      | Found Feoziweq's Self-Published Books.
   284 | D:4      | Reached XP level 2. HP: 20/21 MP: 2/2
   390 | D:4      | Found a staircase to the Ecumenical Temple.
   401 | Temple   | Entered the Ecumenical Temple
   466 | Temple   | Became a worshipper of Uskayaw the Reveller
   606 | D:3      | Reached * piety under Uskayaw
   609 | D:3      | Reached ** piety under Uskayaw
   613 | D:3      | Reached *** piety under Uskayaw
   679 | D:3      | Reached XP level 3. HP: 26/26 MP: 3/3
  1745 | D:2      | Reached XP level 4. HP: 24/31 MP: 4/4
  1927 | D:3      | Noticed Sigmund
  1942 | D:3      | Slain by Sigmund

Illustrated notes

Levels and vault maps discovered:
D:1:      dpeg_arrival_tiny_h, layout_basic
D:2:      layout_rooms, nicolae_hexahallways, minmay_close_crescents
D:3:      layout_rooms, general_overflow_altar, uniq_sigmund
D:4:      layout_rooms, minmay_temple_entry_nine_rooms, nicolae_custom_books,
          hex_tiny, chequers_mini_garden
D:5:      layout_layer_cave, mainiacjoe_overflow_brackets, minmay_manual_mares
Temple:   hellmonk_temple_forest_ring

Skill      XL: |  1  2  3 |
---------------+----------+-----
Dodging        | 3 4 |  4.4
Fighting       | |  3.0
Polearms       | |  2.0
Stealth        | |  6.6

Action                     |  1- 3 |  4- 6 || total
---------------------------+-------+-------++-------
  Melee: Spear             |    82 |    26 ||   108
         Constrict         |    19 |     9 ||    28
         Tentacles         |     7 |     7 ||    14
    Use: Scroll            |     1 |       ||     1
   Stab: Sleeping          |    19 |     1 ||    20
         Distracted        |       |     1 ||     1
 Armour: Skin              |    29 |    14 ||    43
  Dodge: Dodged            |    44 |    11 ||    55

Table legend: (Time is in decaauts)
 A = Elapsed time spent in this place.
 B = Non-inter-level travel time spent in this place.
 C = Inter-level travel time spent in this place.
 D = Time resting spent in this place.
 E = Time spent auto-exploring this place.
 F = Levels seen in this place.
 G = Mean time per level.
                   A        B        C        D        E       F      G
               +--------+--------+--------+--------+--------+-----+--------+
         Total |   1943 |   1929 |     14 |    316 |    860 |   6 |  323.8 |
       Dungeon |   1866 |   1852 |     14 |    316 |    860 |   5 |  373.2 |
        Temple |     76 |     76 |      0 |      0 |      0 |   1 |   76.0 |
               +--------+--------+--------+--------+--------+-----+--------+

Top non-repeatable levels by time:
     D:1: 582 daAuts
     D:2: 461 daAuts
     D:3: 399 daAuts
     D:4: 378 daAuts
  Temple: 76 daAuts
     D:5: 44 daAuts
